 Dungeon Crawl Stone Soup version 0.27.1 (webtiles) character file.

Game seed: 5957750772132345370

126 r3algoood the Grave Robber (level 4, 0/30 HPs)
             Began as a Vampire Necromancer on Sept 2, 2021.
             Succumbed to an adder's poison
             ... on level 3 of the Dungeon.
             The game lasted 00:06:34 (3134 turns).

r3algoood the Grave Robber (Vampire Necromancer)    Turns: 3134, Time: 00:06:34

Health: 0/30       AC:  2    Str:  5 (7)  XL:     4   Next: 83%
Magic:  2/8        EV: 12    Int: 16 (18) God:
Gold:   66         SH:  0    Dex: 12 (14) Spells: 3/8 levels left

rFire    . . .     SeeInvis +   d - +0 dagger
rCold    . . .     Faith    .   (no shield)
rNeg     . . .     Spirit   .   a - +0 robe
rPois    .         Reflect  .   (no helmet)
rElec    .         Harm     .   (no cloak)
rCorr    .         Rampage  .   (no gloves)
Will     .....                  (no boots)
Stlth    ++........             (no amulet)
HPRegen  0.30/turn              (no ring)
MPRegen  0.11/turn              (no ring)

@: lethally poisoned (0 -> -1), healing quickly
A: alive, fangs 3, see invisible, vampiric 2
a: Exsanguinate


You were on level 3 of the Dungeon.
You visited 1 branch of the dungeon, and saw 3 of its levels.

You collected 66 gold pieces.

Inventory:

Hand Weapons
 d - a +0 dagger (weapon)
Armour
 a - a +0 robe (worn)
Scrolls
 c - a scroll of teleportation {unknown}
 g - a scroll of identify {unknown}
 h - 2 scrolls of vulnerability {unknown}
 i - a scroll of amnesia {unknown}
 j - a scroll of magic mapping {unknown}
Potions
 b - 2 potions of curing {unknown}
 e - 2 potions of brilliance {unknown}
 f - a potion of might {unknown}


   Skills:
 + Level 3.2 Dodging
 + Level 4.3 Stealth
 + Level 2.7 Spellcasting
 * Level 5.5 Necromancy


You had 3 spell levels left.
You knew the following spells:

 Your Spells              Type           Power      Damage    Failure   Level
a - Pain                  Necr           76%        1d7       1%          1
b - Vampiric Draining     Necr           9%         2d7       6%          3
c - Animate Skeleton      Necr           38%        N/A       1%          1

Your spell library contained the following spells:

 Spells                   Type           Power      Damage    Failure   Level
 Animate Dead             Necr           9%         N/A       21%         4
 Agony                    Necr           19%        N/A       50%         5


Dungeon Overview and Level Annotations

Branches:
Dungeon (3/15)

Altars:


Innate Abilities, Weirdness & Mutations

Your natural rate of healing is accelerated.
You have razor-sharp teeth.
You have supernaturally acute eyesight. (SInv)
You are afflicted with vampirism and can become a bat while bloodless.


Message History

Confirm with . or Enter, or press ? or * to list all spells.
Aiming: Pain (safe; 1% risk of failure)
Press: ? - help, Shift-Dir - straight line, f/p - adder
Aim: an adder (severely wounded, chance to affect: 87%)
The adder writhes in agony.
The adder bites you. The kobold hits you but does no damage.
The adder bites you.
Casting: Pain (safe; 1% risk of failure)
Confirm with . or Enter, or press ? or * to list all spells.
Aiming: Pain (safe; 1% risk of failure)
Press: ? - help, Shift-Dir - straight line, f/p - adder
Aim: an adder (almost dead, chance to affect: 87%)
The adder barely resists.
The kobold hits you with a +0 short sword.
The adder bites you.
Casting: Pain (safe; 1% risk of failure)
Confirm with . or Enter, or press ? or * to list all spells.
Aiming: Pain (safe; 1% risk of failure)
Press: ? - help, Shift-Dir - straight line, f/p - adder
Aim: an adder (almost dead, chance to affect: 87%)
The adder writhes in agony.
The kobold barely misses you. The adder bites you.
* * * LOW HITPOINT WARNING * * *
You are poisoned.
The adder poisons you!
Unknown command.
You feel sick.
You feel sick. The adder bites you.
* * * LOW HITPOINT WARNING * * *
Casting: Pain (safe; 1% risk of failure)
Confirm with . or Enter, or press ? or * to list all spells.
Aiming: Pain (safe; 1% risk of failure)
Press: ? - help, Shift-Dir - straight line, f/p - adder
Aim: an adder (almost dead, chance to affect: 87%)
The adder writhes in agony.
You kill the adder!
* * * LOW HITPOINT WARNING * * *
You feel sick.
It was a potion of degeneration.
There was something very wrong with that liquid.
You feel weakened.
You feel dopey.
You feel clumsy.
You die...

#.... .. #...# #####.
## #...# #..... #.
#...# #.# #. #. #...#
#.# #. #. #..# #.# #.
#. ##..####.###.
#.#######............
#..K@.......#########
#......#######...#
#...... .....#
....##. ####.## ###
#. #.# #. #.. #. #.#(
#. .#.


You could see a kobold.

Vanquished Creatures
  Natasha (D:3)
  3 adders
  4 dart slugs
  3 worms
  An orc (D:3)
  3 ball pythons
  3 bats
  5 endoplasms
  3 giant cockroaches
  4 goblins
  8 hobgoblins
  2 jackals (D:2)
  2 quokkas
  5 frilled lizards
  7 kobolds
54 creatures vanquished.

Notes
Turn   | Place    | Note
-------+----------+-------------------------------------------
     0 | D:1      | r3algoood the Vampire Necromancer began the quest for the
                  | Orb.
     0 | D:1      | Reached XP level 1. HP: 13/13 MP: 3/3
   167 | D:1      | Reached XP level 2. HP: 19/19 MP: 3/5
   988 | D:1      | Gained mutation: You are afflicted with vampirism and can
                  | become a bat while bloodless. [Vampire growth]
   988 | D:1      | Reached XP level 3. HP: 22/24 MP: 3/6
  1126 | D:1      | Learned a level 3 spell: Vampiric Draining
  1152 | D:2      | Learned a level 1 spell: Animate Skeleton
  1298 | D:2      | Reached skill level 5 in Necromancy
  2072 | D:2      | Reached XP level 4. HP: 28/30 MP: 4/7
  2913 | D:3      | Noticed Natasha
  2920 | D:3      | Killed Natasha
  3002 | D:3      | Found a faded altar of an unknown god.
  3133 | D:3      | HP: 1/30 [poisoned by an adder]
  3134 | D:3      | Succumbed to an adder's poison

Illustrated notes

Levels and vault maps discovered:
D:1:      saegor_arrival_simple_d, layout_loops_ring
D:2:      minmay_chambers_of_ones, layout_loops_ring, grunt_decor_clamped
D:3:      layout_loops_ring, grunt_gozag_statues, gup_sewer_entry_spiral,
          shapermc_ecumenical_altar_acropolis, st_stairs_8, due_unseen_surprise,
          uniq_natasha

Skill      XL: |  1  2  3  4 |
---------------+-------------+-----
Necromancy     | 5 |  5.5
Dodging        | 3 |  3.2
Stealth        | 4 |  4.3
Spellcasting   | |  2.7

Action                   |  1- 3 |  4- 6 || total
-------------------------+-------+-------++-------
Melee: Unarmed           |    14 |       ||    14
       Bite              |     2 |     1 ||     3
       Dagger            |     9 |     7 ||    16
 Cast: Pain              |    74 |    37 ||   111
       Animate Skeleton  |     1 |       ||     1
  Use: Potion            |       |     1 ||     1
Armor: Robe              |     7 |     3 ||    10
Dodge: Dodged            |    25 |     8 ||    33
